 Dungeon Crawl Stone Soup version 0.23-a0-756-g517b432 (console) character file.

371 Voker57 the Slasher (level 6, -1/72 HPs)
             Began as a Demonspawn Gladiator on Jan 18, 2019.
             Slain by a big kobold (3 damage)
             ... in a sewer.
             The game lasted 00:04:36 (2837 turns).

Voker57 the Slasher (Demonspawn Gladiator)          Turns: 2837, Time: 00:04:37

Health: -1/72      AC: 23    Str: 14    XL:     6   Next: 42%
Magic:  6/6        EV:  2    Int:  9    God:
Gold:   75         SH:  0    Dex: 17    Spells: 5/5 levels left

rFire    . . .     SeeInvis .   a - +1 long sword
rCold    . . .     Gourm    .   (no shield)
rNeg     + + +     Faith    .   (armour currently unavailable)
rPois    +         Spirit   .   (helmet unavailable)
rElec    .         Reflect  .   (cloak currently unavailable)
rCorr    .         Harm     .   (gloves currently unavailable)
MR       .....     NoTele   +   (boots currently unavailable)
Stlth    ++........             (no amulet)
HPRegen  0.22/turn              h - +4 ring of evasion
MPRegen  0.10/turn              (no ring)

@: lethally poisoned (-1 -> -21), tree-form, hasted, very quick
A: no striking features
a: no special abilities


You were in a sewer.
You were not hungry.
You were a tree.
You visited 1 branch of the dungeon, and saw 3 of its levels.
You also visited: Sewer.

You collected 75 gold pieces.

Inventory:

Hand Weapons
 a - a +1 long sword (weapon)
Missiles
 d - 3 throwing nets (quivered)
Armour
 b - a +0 leather armour (melded)
 c - a +0 helmet
Jewellery
 h - a +4 ring of evasion (left branch)
 l - a +3 ring of evasion
 o - a +2 ring of strength {unknown}
Scrolls
 g - 3 scrolls of identify {unknown}
 i - 2 scrolls of enchant weapon
 j - a scroll of enchant armour {unknown}
 k - a scroll of remove curse
 m - a scroll of amnesia
 n - a scroll of magic mapping {unknown}
Potions
 e - 2 potions of lignification
 p - a potion of haste
Comestibles
 f - 3 rations


   Skills:
 + Level 3.7 Fighting
 * Level 5.1 Long Blades
 - Level 1.7 Throwing
 + Level 4.0 Dodging


You had 5 spell levels left.
You didn't know any spells.
Your spell library contained the following spells:

 Spells                   Type           Power        Failure   Level  Hunger
 Magic Dart               Conj           #...         38%         1    ##.....
 Blink                    Tloc           N/A          52%         2    ###....
 Call Imp                 Summ           #.......     52%         2    ###....
 Slow                     Hex            #.......     52%         2    ###....
 Conjure Flame            Conj/Fire      #.......     77%         3    ####...
 Mephitic Cloud           Conj/Pois/Air  #.......     77%         3    ####...


Dungeon Overview and Level Annotations

Branches:
Dungeon (3/15)

Altars:
Fedhas
Trog


Innate Abilities, Weirdness & Mutations

((You have a pair of large antennae on your head. (SInv)))
((You have sharp fingernails.))


Message History

The big kobold is severely wounded.
* * * LOW HITPOINT WARNING * * *
You feel sick. The big kobold barely misses you.
You riposte.
You slash the big kobold!
The big kobold is almost dead.
The big kobold hits you but does no damage.
You closely miss the big kobold.
The big kobold is almost dead.
* * * LOW HITPOINT WARNING * * *
You feel sick. The big kobold barely misses you.
You riposte.
You slash the big kobold!
You kill the big kobold!
Your Long Blades skill increases to level 5!
Your Dodging skill increases to level 4!
You cannot move.
You cannot move.
You cannot move.
You slash the big kobold!
The big kobold is heavily wounded.
* * * LOW HITPOINT WARNING * * *
You feel sick. The big kobold hits you.
You die...

#≈≈.≈.≈ #≈..≈≈.
#≈≈≈≈≈≈ #≈≈....
####### ##≈≈≈...
#.≈≈≈≈##### ##..≈.≈.≈
#####≈≈≈)≈####≈≈≈.##≈≈
#.≈≈≈.###.≈......####≈
####### #≈≈≈≈..≈.# ##.
#.≈≈≈♣###≈≈.≈..≈####.≈
#####)K≈≈≈########≈≈..
#.≈≈≈≈##### #.≈≈≈.
####### #.≈..# #.≈.##
#.≈.# #.≈.# ##≈≈≈##
#.≈≈≈≈# #≈###≈#


You could see a big kobold.

Vanquished Creatures
  A centaur (D:2)
  2 big kobolds (Sewer)
  Robin (D:2)
  3 adders
  2 oozes (Sewer)
  5 worms
  3 dart slugs
  3 leopard geckos
  2 giant cockroaches
  8 hobgoblins
  6 jackals
  A quokka (D:2)
  9 bats
  5 frilled lizards (D:2)
  12 goblins
  12 kobolds
  13 rats
88 creatures vanquished.

Notes
Turn   | Place    | Note
-------+----------+-------------------------------------------
     0 | D:1      | Voker57 the Demonspawn Gladiator began the quest for the
                  | Orb.
     0 | D:1      | Reached XP level 1. HP: 16/16 MP: 1/1
    89 | D:1      | Reached skill level 3 in Long Blades
   104 | D:1      | Gained mutation: You have a pair of small antennae on your
                  | head. [demonic ancestry]
   104 | D:1      | Reached XP level 2. HP: 18/22 MP: 2/2
   375 | D:1      | You fall through a shaft!
   375 | D:2      | Found a bloodstained altar of Trog.
   570 | D:2      | Gained mutation: You have a pair of antennae on your head.
                  | [demonic ancestry]
   570 | D:2      | Reached XP level 3. HP: 16/28 MP: 3/3
  1303 | D:2      | Reached XP level 4. HP: 33/34 MP: 4/4
  1430 | D:2      | Noticed a centaur
  1562 | D:2      | Killed a centaur
  1562 | D:2      | Reached skill level 4 in Long Blades
  1562 | D:2      | Gained mutation: You have sharp fingernails. [demonic
                  | ancestry]
  1562 | D:2      | Reached XP level 5. HP: 16/41 MP: 5/5
  1999 | D:2      | Noticed Robin
  2004 | D:2      | Killed Robin
  2073 | D:2      | Found a blossoming altar of Fedhas.
  2444 | D:3      | Found a glowing drain.
  2456 | Sewer    | Entered a sewer
  2652 | Sewer    | Gained mutation: You have a pair of large antennae on your
                  | head. (SInv) [demonic ancestry]
  2652 | Sewer    | Reached XP level 6. HP: 34/47 MP: 6/6
  2836 | Sewer    | Reached skill level 5 in Long Blades
  2837 | Sewer    | HP: 2/72 [poisoned by a big kobold]
  2837 | Sewer    | Slain by a big kobold

Vault maps used:
D:1:      minmay_arrival_glassed_features
D:2:      marbit_many_paths, old_standard_altar, first_ration,
          minmay_misc_feat_diagonals, chequers_big_river, minmay_puff,
          uniq_robin
D:3:      ashenzari_altar_1, cheibrodos_sewer_entry_drain, ebering_ghost_sewer_d
Sewer:    sewer_co_tree

Skill      XL: |  1  2  3  4  5  6 |
---------------+-------------------+-----
Long Blades    | 3 4 5 |  5.1
Dodging        | 3 4 |  4.0
Fighting       | 3 |  3.7
Throwing       | |  1.7

Action                   |  1- 3 |  4- 6 || total
-------------------------+-------+-------++-------
Melee: Long sword        |    96 |   145 ||   241
  Use: Potion            |     2 |     3 ||     5
       Scroll            |     4 |       ||     4
  Eat: Chunk             |     1 |     6 ||     7
Armor: Leather armour    |    34 |    21 ||    55
       Skin              |       |    18 ||    18
Dodge: Dodged            |   100 |   128 ||   228
       Rpst.: Long sword |    35 |    41 ||    76

Table legend:
 A = Non-vault XP
 B = Vault XP
 C = Vault XP percentage of total XP
 D = Non-vault monster count
 E = Vault monster count
 F = Vault count percentage of total count
                 A         B        C        D         E       F
            +---------+---------+-------+---------+---------+-------
      Total |     113 |     418 |  78.7 |      57 |      31 |  35.2
            +---------+---------+-------+---------+---------+-------
        D:1 |      49 |       0 |   0.0 |      28 |       0 |   0.0
        D:2 |      60 |     147 |  71.0 |      27 |      12 |  30.8
        D:3 |       4 |       3 |  42.9 |       2 |       2 |  50.0
      Sewer |       0 |     268 | 100.0 |       0 |      17 | 100.0
            +---------+---------+-------+---------+---------+-------
